 Dungeon Sprint DCSS version 0.31.0-11-ge490571c62 (webtiles) character file.

Game seed: 15168611335542598563

191 Amaterasu the Trooper (level 5, 0/94 HPs)
             Began as an Oni Shapeshifter on Jan 28, 2024.
             Was an Initiate of Vehumet.
             Slain by a vampire (8 damage)
             ... in the Dungeon (Sprint IX: "|||||||||||||||||||||||||||||").
             The game lasted 00:02:08 (213 turns).

Amaterasu the Trooper (Oni Shapeshifter)             Turns: 213, Time: 00:02:08

Health: 0/94       AC: 31    Str: 20    XL:     5   Next: 70%
Magic:  5/5        EV:  1    Int: 11    God:    Vehumet [......]
Gold:   0          SH:  0    Dex:  8    Spells: 4/4 levels left

rFire   . . .        o - +2 morningstar (protect)
rCold   . . .        (no shield)
rNeg    . . .        a - melded +0 animal skin
rPois   +            (helmet currently unavailable)
rElec   .            (cloak currently unavailable)
rCorr   .            (gloves unavailable)
SInv    .            (boots unavailable)
Will    .....        (no amulet)
Stlth   +            l - +2 ring of evasion
HPRegen 0.35/turn    m - +2 ring of protection
MPRegen 0.09/turn

%: no teleportation
@: tree-form, under a protective aura
A: stationary, stasis, torment immunity, boosted hp, large, unfitting armour,
(horns 1), (tough skin 1), double potion healing, drunken brawling
a: Renounce Religion


You were in the Dungeon.
You worshipped Vehumet.
Vehumet was noncommittal.
You were a tree.
You visited 1 branch

Inventory:

Hand Weapons
 o - a +2 morningstar of protection (weapon)
Armour
 a - a +0 animal skin (melded)
 n - a +0 cloak
Jewellery
 l - a +2 ring of evasion (left branch)
 m - a +2 ring of protection (right branch)
Talismans
 c - a beast talisman
 d - a flux talisman
Wands
 k - a wand of quicksilver (10)
Scrolls
 i - 2 scrolls of amnesia
 j - 2 scrolls of blinking
Potions
 e - 2 potions of curing
 h - 4 potions of magic


   Skills:
 - Level 7.8 Fighting
 + Level 6.5 Maces & Flails
 - Level 1.7 Dodging
 - Level 2.6 Unarmed Combat
 - Level 7.0 Shapeshifting


You had 4 spell levels left.
You didn't know any spells.
Your spell library was empty.

Dungeon Overview and Level Annotations

Branches:
Dungeon (1/1)

Altars:
Cheibriados
Dithmenos
Elyvilon
Fedhas
Gozag
Hepliaklqana
Kikubaaqudgha
Makhleb
Nemelex Xobeh
Okawaru
Qazlal
Ru
Sif Muna
Trog
Uskayaw
Vehumet
Wu Jian
Xom
Yredelemnul
Zin
The Shining One
Jiyva
Lugonu


Innate Abilities, Weirdness & Mutations

You are a tree.
Your roots penetrate the ground, keeping you stationary.
You cannot be teleported.
You are immune to unholy pain and torment.
Your maximum health is greatly increased.
Your equipment is partially melded.
You are too large for most types of armour.
((You have a pair of small horns on your head.))
((You have tough skin. (AC +1)))
You gain doubled healing and magic from potions.
Whenever you drink a healing potion, you attack all around you.


Message History

You swing at nothing.
You feel less confused. Something hits you! Something bites you.
Something draws strength from your injuries!
Something hits you. Something bites you!
Something draws strength from your injuries!
You closely miss something.
The yak snorts and paws the ground.
Something hits you but does no damage. Something bites you!
Something draws strength from your injuries!
You hit something but do no damage.
Your weapon exudes an aura of protection.
Something hits you but does no damage. Something bites you but does no damage.
You closely miss something. Something hits you but does no damage.
Something bites you but does no damage.
You closely miss something. Something hits you but does no damage.
Something bites you but does no damage.
You puncture something! Something hits you.
* * * LOW HITPOINT WARNING * * *
Something bites you but does no damage. Something hits you but does no damage.
Something bites you but does no damage.
You barely miss something.
You hear some strange, mumbled words.
You are confused.
You hit something. Something hits you but does no damage.
Something bites you but does no damage.
You attack the unnaturally hard rock wall.
You hear some strange, mumbled words.
Something tries to affect you, but you resist.
You hit something but do no damage. Something hits you but does no damage.
Something bites you but does no damage.
You miss something. Something draws life force from you!
* * * LOW HITPOINT WARNING * * *
Something hits you but does no damage. Something bites you but does no damage.
You miss something.
You feel less confused. Something hits you.
* * * LOW HITPOINT WARNING * * *
Something bites you!
You die...

▓+▓
▓.▓
▓o▓
▓k▓
▓Y▓
▓{▓
▓♣▓
▓'▓
▓.▓
▓.▓
▓[▓
▓.▓
▓[▓
▓.▓
▓)▓


You could see a yak, an orc warrior and a wyvern.

Vanquished Creatures
  A centaur (D)
  A bombardier beetle (D)
  A gnoll bouda (D)
  An iguana (D)
  An adder (D)
  An ufetubus (D)
  An endoplasm (D)
  A ball python (D)
  A frilled lizard (D)
  2 kobolds (D)
11 creatures vanquished.

Vanquished Creatures (others)
  A centaur (D)
1 creature vanquished.

Grand Total: 12 creatures vanquished

Notes
Turn   | Place    | Note
-------+----------+-------------------------------------------
     0 | D        | Amaterasu the Oni Shapeshifter began the quest for the Orb.
     0 | D        | Reached XP level 1. HP: 19/19 MP: 1/1
    25 | D        | Noticed a gnoll bouda
    25 | D        | Noticed a bombardier beetle
    25 | D        | Noticed an iguana
    29 | D        | Killed an iguana
    30 | D        | Reached skill level 5 in Shapeshifting
    30 | D        | Reached XP level 2. HP: 33/33 MP: 2/2
    30 | D        | Reached XP level 3. HP: 40/40 MP: 3/3
    34 | D        | Reached skill level 5 in Fighting
    34 | D        | Reached XP level 4. HP: 49/50 MP: 4/4
    96 | D        | Found a snail-covered altar of Cheibriados.
    96 | D        | Found a shadowy altar of Dithmenos.
    96 | D        | Found a white marble altar of Elyvilon.
    96 | D        | Found a blossoming altar of Fedhas.
    96 | D        | Found an opulent altar of Gozag.
    97 | D        | Found a hazy altar of Hepliaklqana.
    98 | D        | Found a viscous altar of Jiyva.
    99 | D        | Found an ancient bone altar of Kikubaaqudgha.
   100 | D        | Found a corrupted altar of Lugonu.
   101 | D        | Found a burning altar of Makhleb.
   102 | D        | Found a sparkling altar of Nemelex Xobeh.
   103 | D        | Found an iron altar of Okawaru.
   104 | D        | Found a stormy altar of Qazlal.
   105 | D        | Found a sacrificial altar of Ru.
   106 | D        | Found a shimmering blue altar of Sif Muna.
   107 | D        | Found a bloodstained altar of Trog.
   108 | D        | Found a hide-covered altar of Uskayaw.
   109 | D        | Found a radiant altar of Vehumet.
   110 | D        | Found an ornate altar of the Wu Jian Council.
   111 | D        | Found a shimmering altar of Xom.
   112 | D        | Found a basalt altar of Yredelemnul.
   113 | D        | Found a glowing silver altar of Zin.
   114 | D        | Found a glowing golden altar of the Shining One.
   119 | D        | Became a worshipper of Vehumet
   157 | D        | Noticed an orc warrior
   157 | D        | Noticed a wyvern
   157 | D        | Noticed a yak
   157 | D        | Noticed a vampire
   157 | D        | Noticed a centaur
   157 | D        | Noticed a centaur
   160 | D        | Killed a centaur
   161 | D        | Reached skill level 1 in Maces & Flails
   168 | D        | Killed a centaur
   169 | D        | Reached XP level 5. HP: 20/63 MP: 5/5
   190 | D        | HP: 3/63 [something (8)]
   213 | D        | Slain by a vampire

Illustrated notes

Levels and vault maps discovered:
D:        linesprint [early_d, line_temple, items_1, d_10, items_2, lair_1,
          lair_end, items_3, orc_1, orc_end, items_4, d_15, swamp_1, shoals_1,
          snake_1, spider_1, d_20, vaults_1, items_5, swamp_end, shoals_end,
          snake_end, spider_end, vaults_end, d_27, items_6, zot_1, zot_end,
          crypt_end, forest_end, elf_end, slime_end, tomb_end, abyss_end,
          pan_hell_end]

Skill      XL: |  1  2  3  4 |
---------------+-------------+-----
Fighting       | 4 5 7 |  7.8
Shapeshifting  | 5 6 7 |  7.0
Maces & Flails | 6 |  6.5
Dodging        | |  1.7
Unarmed Combat | |  2.6

Action                     |  1- 3 |  4- 6 || total
---------------------------+-------+-------++-------
  Melee: Unarmed           |    14 |    11 ||    25
         Headbutt          |     3 |     5 ||     8
         Punch             |       |     1 ||     1
         Morningstar       |       |    25 ||    25
    Use: Potion            |     2 |     8 ||    10
   Stab: Invisible         |       |     4 ||     4
 Armour: Animal skin       |     9 |    54 ||    63
         Skin              |       |    34 ||    34
  Dodge: Dodged            |     4 |    16 ||    20
